 Dungeon Crawl Stone Soup version 0.31-a0-986-g5e6e4ef867 (webtiles) character file.

Game seed: 5122282734147259845

1381 Dordric the Grappler (level 8, -11/48 HPs)
             Began as an Octopode Shapeshifter on Nov 6, 2023.
             Mangled by a gnoll
             ... wielding a +0 flail
             ... led by a gnoll bouda
              (12 damage)
             ... on level 5 of the Dungeon.
             The game lasted 00:05:40 (4459 turns).

Dordric the Grappler (Octopode Shapeshifter)        Turns: 4459, Time: 00:05:40

Health: -11/48     AC:  1    Str: 16    XL:     8   Next: 67%
Magic:  8/8        EV: 13    Int: 12    God:
Gold:   233        SH:  0    Dex: 11    Spells: 7/7 levels left

rFire   . . .        h - melded +1 dagger (venom)
rCold   . . .        (shield currently unavailable)
rNeg    . . .        (helmet restricted)
rPois   .            (no amulet)
rElec   .            r - ring of resist corrosion
rCorr   +            (no ring)
SInv    .            (no ring)
Will    .....        (no ring)
Stlth   +            (no ring)
HPRegen 0.28/turn    (no ring)
MPRegen 0.11/turn    (no ring)
                     (no ring)

%: no passive effects
@: flux-form, weak-willed, weakened, hasted, glowing, very quick
A: glow, contaminating, almost no armour, amphibious, 8 rings, camouflage 1,
gelatinous body 1, (nimble swimmer 1), tentacles
a: Begin Untransformation


You were on level 5 of the Dungeon.
You were something dangerously unstable.
You visited 1 branch of the dungeon, and saw 5 of its levels.

You collected 233 gold pieces.

Inventory:

Hand Weapons
 h - a +1 dagger of venom (melded)
Jewellery
 r - a ring of resist corrosion (left tentacle)
Talismans
 b - a beast talisman
 c - a flux talisman (active)
 d - a maw talisman
Scrolls
 e - 3 scrolls of teleportation {unknown}
 f - a scroll of noise
 g - a scroll of amnesia
 m - a scroll of vulnerability
 n - a scroll of enchant weapon {unknown}
 p - a scroll of poison {unknown}
 q - a scroll of fog {unknown}
 t - a scroll of identify
 u - a scroll of enchant armour {unknown}
Potions
 a - a potion of lignification
 k - a potion of mutation {unknown}
 l - a potion of heal wounds {unknown}
 o - a potion of degeneration {unknown}
 s - a potion of curing {unknown}


   Skills:
 - Level 1.0 Fighting
 - Level 2.0 Dodging
 + Level 8.3 Unarmed Combat
 - Level 7.0 Shapeshifting


You had 7 spell levels left.
You didn't know any spells.
Your spell library contained the following spells:

 Spells                   Type           Power      Damage    Failure   Level
 Blink                    Tloc           0%         N/A       45%         2
 Lesser Beckoning         Tloc           0%         N/A       45%         2
 Momentum Strike          Conj/Tloc      0%         3d8       45%         2


Dungeon Overview and Level Annotations

Branches:
Dungeon (5/15)
 Temple: D:4-7

Altars:
Fedhas
Gozag
Zin

Shops:
D:2 !

Annotations:
D:3 Robin


Innate Abilities, Weirdness & Mutations

You are something dangerously unstable.
You glow with magical radiation, making you easy to see and hit.
Foes you strike become dangerously contaminated with magical radiation.
You are incapable of wielding weapons or throwing items.
You cannot wear most types of armour.
You are amphibious.
You can wear up to eight rings at the same time.
Your skin changes colour to match your surroundings (Stealth+).
Your rubbery body absorbs attacks. (AC +1, EV +1)
((You are camouflaged when in or above water. (Stealth+)))
You have tentacles for arms and can constrict up to eight enemies at once.


Message History

The gnoll closely misses you.
As you read the scroll of fear, it crumbles to dust.
You assume a fearsome visage.
The gnoll sergeant looks frightened!
The gnoll looks frightened!
The gnoll attacks as it pursues you! The gnoll hits you with a +0 flail!
The gnoll attacks as it pursues you! The gnoll misses you.
The gnoll bouda gazes fiercely through you!
You feel your attacks grow feeble. The gnoll attacks as it pursues you!
The gnoll hits you from afar with a +0 spear.
The gnoll attacks as it pursues you! The gnoll misses you.
The gnoll is no longer moving quickly.
The gnoll attacks as it pursues you! The gnoll closely misses you.
The gnoll hits you with a +0 flail. The gnoll attacks as it pursues you!
The gnoll hits you from afar with a +0 spear!
The gnoll bouda barks out a call to the hunt!
The gnoll picks up the pace!
Your attacks no longer feel as feeble.
The gnoll is no longer moving quickly.
The gnoll attacks as it pursues you! The gnoll hits you with a +0 flail.
* * * LOW HITPOINT WARNING * * *
The gnoll attacks as it pursues you!
The gnoll hits you from afar with a +0 spear.
* * * LOW HITPOINT WARNING * * *
The gnoll bouda gazes fiercely through you!
You feel your attacks grow feeble. The gnoll closely misses you.
You see here a +0 robe.
As you read the scroll labelled HYNNANL SILODGH, it crumbles to dust.
Magic quickly surges around you.
It was a scroll of vulnerability.
The gnoll hits you but does no damage. The gnoll barely misses you.
The gnoll bouda barks out a call to the hunt!
The gnoll picks up the pace!
The gnoll attacks as it pursues you!
The gnoll hits you from afar with a +0 spear.
* * * LOW HITPOINT WARNING * * *
It was a potion of haste.
You feel yourself speed up. The gnoll hits you with a +0 flail!
You die...

#####..............##.$$.......
...............##..g.g..#......
########...#...######..........
##.ยง##..g# #####......
#...##..g## #####. #..####...#
####..####.g.# #.......###[g#
#.........#p.## #.............#
##............##
#..............#
##)<............#
#...............#
#####.........### ##.[....###
########


You could see a gnoll bouda (weak-willed) and 3 gnolls.

Vanquished Creatures
  Pikel (D:4)
  Eustachio (D:4)
  An ice beast (D:4)
  2 ogres (D:4)
  A howler monkey (D:4)
  3 jellies
  A gnoll bouda (D:4)
  An orc priest (D:3)
  Jessica (D:3)
  Terence (D:3)
  3 gnolls
  9 adders
  An adder skeleton (D:2)
  4 worms
  2 dart slugs
  21 orcs
  5 bats
  A bat skeleton (D:2)
  8 endoplasms
  6 giant cockroaches
  15 goblins
  8 hobgoblins
  4 jackals (D:2)
  9 kobolds
  5 quokkas
  5 ball pythons
  5 frilled lizards
  A jackal zombie (D:2)
  5 rats
130 creatures vanquished.

Notes
Turn   | Place    | Note
-------+----------+-------------------------------------------
     0 | D:1      | Dordric the Octopode Shapeshifter began the quest for the
                  | Orb.
     0 | D:1      | Reached XP level 1. HP: 13/13 MP: 1/1
   159 | D:1      | Reached XP level 2. HP: 18/18 MP: 2/2
   382 | D:1      | Found a faded altar of an unknown god.
   425 | D:1      | Reached XP level 3. HP: 23/23 MP: 3/3
  1003 | D:2      | Reached XP level 4. HP: 28/28 MP: 4/4
  1406 | D:2      | Found Jehar's Distillery.
  1504 | D:2      | Reached skill level 5 in Shapeshifting
  1670 | D:3      | Noticed Jessica
  1675 | D:3      | Killed Jessica
  1676 | D:3      | Reached XP level 5. HP: 28/33 MP: 5/5
  2110 | D:3      | Identified the +1 helmet of Ufuniaj {rF+}
  2110 | D:3      | Noticed Robin
  2490 | D:3      | Noticed Terence
  2496 | D:3      | Killed Terence
  2497 | D:3      | Reached XP level 6. HP: 19/38 MP: 6/6
  3247 | D:4      | Noticed Pikel
  3280 | D:4      | Killed Pikel
  3281 | D:4      | Reached skill level 6 in Unarmed Combat
  3281 | D:4      | Reached XP level 7. HP: 4/43 MP: 7/7
  3461 | D:4      | Reached XP level 8. HP: 24/48 MP: 8/8
  3556 | D:4      | Found a blossoming altar of Fedhas.
  3700 | D:4      | Reached skill level 7 in Unarmed Combat
  3940 | D:4      | Found a blossoming altar of Fedhas.
  4050 | D:4      | Found a glowing silver altar of Zin.
  4079 | D:5      | Entered Level 5 of the Dungeon
  4125 | D:5      | Noticed Eustachio
  4292 | D:4      | Killed Eustachio
  4293 | D:4      | Reached skill level 8 in Unarmed Combat
  4421 | D:5      | Found an opulent altar of Gozag.
  4458 | D:5      | HP: 1/48 [gnoll/+0 spear[a gnoll bouda] (5)]
  4459 | D:5      | Mangled by a gnoll

Illustrated notes

Levels and vault maps discovered:
D:1:      amcnicky_arrival_abandoned_market, layout_loops_cross,
          nicolae_ecumenical_lake_church
D:2:      minmay_diamond_boxcup, layout_basic, serial_shops, shop,
          serial_undead, serial_undead_b, serial_undead_e, serial_undead_a,
          serial_undead_b, serial_undead_e, serial_undead_e,
          minmay_misc_feat_diagonals, nicolae_hexahallways
D:3:      layout_loops_ring, dreamdust_princess_bridge, hangedman_glass_teeth,
          minmay_quadrilaterals, uniq_terence, uniq_jessica, uniq_robin
D:4:      layout_rooms, general_overflow_altar, fedhas_altar_fruit_tree,
          kennysheep_small_circle, uniq_pikel
D:5:      layout_cave_pods, nicolae_gozag_seed_capital,
          minmay_temple_entry_antechambers, nicolae_grassy_gnolls,
          uniq_eustachio

Skill      XL: |  1  2  3  4  5  6  7  8 |
---------------+-------------------------+-----
Shapeshifting  | 4 5 6 7 |  7.0
Unarmed Combat | 6 8 |  8.3
Fighting       | |  1.0
Dodging        | |  2.0

Action                     |  1- 3 |  4- 6 |  7- 9 || total
---------------------------+-------+-------+-------++-------
  Melee: Unarmed           |    33 |       |    51 ||    84
         Constrict         |    16 |    45 |    13 ||    74
         Tentacles         |     6 |    31 |    17 ||    54
         Dagger            |    24 |   156 |       ||   180
         Punch             |     2 |     5 |       ||     7
  Throw: Throwing net      |       |     1 |       ||     1
    Use: Scroll            |       |     3 |     2 ||     5
         Potion            |       |       |     1 ||     1
   Stab: Sleeping          |    11 |     9 |       ||    20
         Distracted        |     1 |       |       ||     1
 Armour: Skin              |    15 |    63 |    33 ||   111
  Dodge: Dodged            |    26 |    93 |    31 ||   150
   Form: Flux              |       |       |     1 ||     1

Table legend: (Time is in decaauts)
 A = Elapsed time spent in this place.
 B = Non-inter-level travel time spent in this place.
 C = Inter-level travel time spent in this place.
 D = Time resting spent in this place.
 E = Time spent auto-exploring this place.
 F = Levels seen in this place.
 G = Mean time per level.
                   A        B        C        D        E       F      G
               +--------+--------+--------+--------+--------+-----+--------+
         Total |   4451 |   4238 |    213 |    194 |   3208 |   5 |  890.2 |
       Dungeon |   4451 |   4238 |    213 |    194 |   3208 |   5 |  890.2 |
               +--------+--------+--------+--------+--------+-----+--------+

Top non-repeatable levels by time:
     D:4: 1319 daAuts
     D:3: 1204 daAuts
     D:2: 972 daAuts
     D:1: 806 daAuts
     D:5: 148 daAuts
